Map: [ESL] Inside and Out

Players

Clem

  • Race: Terran Terran
  • Spawn Location: 1:00

GunGFuBanDa - Winner!

  • Race: Protoss Protoss
  • Spawn Location: 7:00

Event: DreamHack SC2 Masters 2022 Atlanta (Online)

VOD

Have the link to the VOD?

Description

Time

  • Played on: Oct. 2, 2022, 10:59 a.m.
  • Length: 14:44

All games in this series

Show
View Real Time Build Order
Export as new Build Order

Clem Terran 

Build Orders: Reaper Expand 

Get SALT Encoding   

  12  0:00  SCV  
  13  0:12  SCV  
  14  0:17  Supply Depot  
  14  0:24  SCV  
  15  0:38  SCV  
  15  0:39  Barracks  
  16  0:43  Refinery  
  16  0:50  SCV  
  17  1:03  SCV  
  18  1:15  SCV  
  19  1:26  Reaper  
  19  1:27  Orbital Command  
  20  1:46  Command Center  
  20  1:53  SCV  
  21  1:58  Marine  
  22  2:05  SCV  
  22  2:06  Supply Depot  
  23  2:08  Factory  
  23  2:18  Bunker  
  23  2:21  Barracks Reactor  
  23  2:28  SCV  
  24  2:31  Refinery  
  24  2:40  SCV  
  25  2:52  SCV  
  25  2:53  Hellion  
  25  2:57  Orbital Command  
  28  2:59  Starport  
  28  3:00  Marine  
  28  3:03  Marine  
  28  3:04  SCV  
  31  3:15  Factory Tech Lab  
  31  3:16  SCV  
  31  3:18  Marine  
  33  3:21  Marine  
  33  3:23  SCV  
  33  3:25  Supply Depot  
  35  3:28  SCV  
  36  3:35  SCV, Marine  
  36  3:39  Marine  
  36  3:40  SCV, Factory Tech Lab  
  40  3:43  Raven  
  41  3:50  SCV  
  41  3:52  SCV  
  41  3:53  Marine  
  41  3:55  Barracks  
  42  3:56  Marine  
  44  4:02  SCV  
  44  4:05  Supply Depot, SCV  
  44  4:07  Siege Tank  
  48  4:11  Barracks  
  48  4:14  SCV  
  48  4:16  Marine  
  50  4:17  SCV, Marine  
  52  4:24  Engineering Bay  
  52  4:27  Supply Depot, SCV  
  52  4:30  SCV  
  54  4:34  Marine  
  54  4:35  Marine  
  56  4:39  SCV, Siege Tank  
  56  4:41  Refinery  
  56  4:43  SCV  
  61  4:49  Stimpack, Marine  
  61  4:51  SCV  
  61  4:52  Supply Depot  
  63  4:53  Marine  
  63  4:54  Marine  
  63  4:56  SCV  
  63  4:58  Supply Depot  
  66  5:02  Marine  
  66  5:03  SCV  
  66  5:04  Refinery  
  68  5:07  Terran Infantry Weapons Level 1, Marine  
  68  5:08  SCV  
  68  5:13  Supply Depot, Marine x2  
  72  5:17  SCV  
  73  5:23  SCV  
  73  5:25  Supply Depot  
  73  5:27  Marauder  
  73  5:28  Combat Shield  
  76  5:30  Marauder  
  76  5:31  Marine x2  
  76  5:34  SCV  
  81  5:40  Supply Depot  
  81  5:42  Starport Reactor  
  79  5:44  Factory Reactor  
  79  5:48  Supply Depot, Marauder  
  79  5:49  Marine x2  
  82  5:51  Marauder  
  83  6:07  Marine x2  
  83  6:09  Command Center, Marauder  
  87  6:14  Marauder  
  89  6:19  Medivac x2  
  93  6:29  Marine x2  
  93  6:31  Marauder  
  93  6:32  SCV  
  92  6:34  Widow Mine x2  
  92  6:35  Marine  
  92  6:37  SCV  
  93  6:46  Marine  
  83  6:49  Marine  
  83  6:51  Barracks  
  83  6:52  Barracks  
  83  6:53  Marine  
  79  6:55  Widow Mine  
  79  6:56  Widow Mine, Marauder  
  79  6:57  SCV  
  79  6:58  SCV  
  83  7:04  Marine  
  83  7:07  Marine  
  82  7:09  Medivac x2  
  82  7:10  SCV  
  82  7:11  SCV, Marauder  
  82  7:13  Supply Depot, Terran Infantry Armor Level 1  
  90  7:18  Marauder  
  90  7:19  Widow Mine x2  
  90  7:22  SCV, Marine  
  98  7:24  Orbital Command  
  98  7:27  SCV  
  98  7:28  Marine  
  100  7:33  Marauder  
  100  7:34  SCV  
  103  7:39  SCV  
  103  7:40  Barracks Reactor, Barracks Tech Lab  
  103  7:41  Viking  
  106  7:46  Viking, SCV  
  106  7:48  Marine x2  
  106  7:49  Marauder  
  106  7:51  SCV x2  
  115  7:54  Marauder  
  117  7:58  SCV  
  117  7:59  Marauder  
  117  8:03  SCV x2  
  117  8:04  Widow Mine  
  117  8:05  Widow Mine  
  126  8:07  Supply Depot  
  126  8:09  Marine  
  126  8:11  SCV, Marauder, Marine  
  126  8:15  SCV x2, Marauder  
  126  8:16  Viking x2  
  126  8:19  Marine x2  
  135  8:20  Supply Depot, Marauder  
  135  8:23  SCV  
  135  8:26  Marine  
  140  8:29  Marine  
  140  8:32  Marauder  
  140  8:33  SCV  
  138  8:35  Supply Depot, SCV  
  138  8:37  Refinery x2, Marauder  
  140  8:41  Armory, Marauder  
  140  8:42  Engineering Bay  
  140  8:44  Ghost Academy  
  140  8:47  Viking  
  142  8:48  Viking  
  144  8:56  Command Center  
  144  9:00  Marauder x2  
  148  9:08  Marine x3  
  148  9:09  Missile Turret, Marine  
  154  9:13  Ghost  
  154  9:14  Missile Turret  
  154  9:20  Ghost x2  
  154  9:21  Viking x2  
  162  9:27  Supply Depot  
  162  9:29  Terran Infantry Weapons Level 2  
  162  9:31  SCV x3  
  165  9:34  Supply Depot  
  165  9:37  Supply Depot, Terran Infantry Armor Level 2  
  165  9:45  Barracks  
  165  9:46  Barracks  
  165  9:47  Barracks  
  165  9:48  Ghost  
  165  9:49  Terran Ship Weapons Level 1  
  167  9:53  Widow Mine x2  
  171  10:00  Enhanced Shockwaves  
  171  10:01  Supply Depot, Marine x4  
  171  10:06  Marauder x2  
  178  10:11  SCV x3  
  181  10:20  Starport  
  181  10:21  Missile Turret  
  180  10:23  SCV x3  
  180  10:25  Ghost  
  180  10:26  Refinery  
  185  10:30  Refinery  
  185  10:35  Viking x2, SCV  
  187  10:36  Planetary Fortress  
  187  10:38  SCV  
  187  10:39  Barracks Tech Lab  
  187  10:41  Barracks Reactor, Barracks Tech Lab  
  191  10:44  SCV  
  191  10:49  Marauder x2, Marine  
  195  10:56  Viking  
  197  10:58  Viking, Sensor Tower  
  197  11:03  Ghost  
  200  11:05  Missile Turret  
  200  11:13  Viking  
  200  11:19  Concussive Shells  
  200  11:23  Medivac  
  200  11:24  Marauder x2, Marine x3  
  192  11:25  Marine  
  192  11:26  Marine x2  
  192  11:29  Medivac  
  192  11:30  Medivac  
  199  11:35  Command Center  
  199  11:53  Marauder  
  194  12:09  Ghost  
  194  12:11  Ghost  
  194  12:13  Marine  
  194  12:14  Terran Ship Weapons Level 2  
  198  12:19  Fusion Core  
  198  12:20  Command Center  
  198  12:22  Starport  
  198  12:26  Marauder  
  200  12:36  Command Center  
  200  12:46  Ghost  
  199  12:54  Personal Cloaking  
  196  12:59  Ghost  
  196  13:02  Ghost  
  196  13:05  Liberator  
  186  13:07  Marauder  
  186  13:11  Marauder  
  175  13:14  Marine  
  175  13:16  Marauder  
  175  13:18  Marine  
  175  13:19  Marine  
  151  13:20  Marine  
  151  13:22  Marine  
  151  13:25  Marine  
  142  13:28  Liberator, Marauder, Ghost  
  142  13:30  Viking  
  142  13:31  Ghost  
  142  13:32  Marine, Ghost  
  156  13:36  Marine  
  156  13:37  Viking, Marauder, Marine  
  156  13:39  Viking  
  157  13:41  SCV x2  
  157  13:44  SCV x3  
  161  13:50  Marauder  
  161  13:53  SCV  
  162  13:55  Orbital Command  
  162  13:56  SCV x3  
  165  14:05  SCV  
  165  14:08  SCV x3  
  169  14:12  Orbital Command  
  170  14:17  SCV  
  170  14:20  Marauder  
  175  14:24  Marine  
Show
View Real Time Build Order
Export as new Build Order

GunGFuBanDa Protoss - Winner!

Build Orders: 1 Gate Expand, Blink Stalkers, Colossus Rush 

Get SALT Encoding   

  12  0:00  Probe  
  13  0:12  Probe  
  14  0:16  Pylon  
  14  0:24  Probe (Chrono Boost)  
  16  0:36  Gateway, Probe (Chrono Boost)  
  16  0:42  Probe (Chrono Boost)  
  16  0:45  Assimilator  
  17  0:51  Probe  
  18  1:03  Probe  
  19  1:15  Probe  
  20  1:26  Cybernetics Core  
  20  1:32  Nexus  
  20  1:36  Probe  
  21  1:45  Pylon  
  21  1:48  Probe  
  22  1:55  Assimilator  
  22  2:00  Adept (Chrono Boost), Probe (Chrono Boost)  
  23  2:08  Warp Gate  
  24  2:12  Probe (Chrono Boost)  
  25  2:20  Probe (Chrono Boost)  
  26  2:23  Stalker  
  26  2:27  Probe  
  29  2:40  Twilight Council  
  29  2:42  Probe (Chrono Boost)  
  30  2:45  Probe (Chrono Boost)  
  31  2:53  Stalker  
  31  2:55  Probe (Chrono Boost)  
  31  2:56  Probe (Chrono Boost)  
  35  3:03  Probe  
  36  3:07  Gateway, Probe  
  36  3:12  Blink (Chrono Boost)  
  37  3:18  Probe (Chrono Boost)  
  38  3:21  Probe (Chrono Boost)  
  39  3:31  Robotics Facility, Probe (Chrono Boost)  
  39  3:32  Probe (Chrono Boost)  
  41  3:36  Probe (Chrono Boost)  
  41  3:38  Pylon  
  41  3:40  Probe  
  42  3:47  Probe  
  43  3:52  Probe, Assimilator  
  44  3:57  Stalker  
  44  4:00  Probe  
  47  4:03  Sentry, Assimilator  
  47  4:04  Probe, Pylon  
  50  4:12  Probe  
  50  4:16  Probe  
  52  4:19  Observer  
  52  4:23  Stalker, Pylon  
  52  4:24  Probe  
  56  4:28  Probe  
  57  4:38  Robotics Bay  
  57  4:42  Observer  
  57  4:43  Probe x2  
  60  4:48  Stalker  
  60  4:49  Gateway  
  60  4:50  Gateway, Pylon  
  62  5:03  Immortal (Chrono Boost)  
  66  5:09  Pylon  
  66  5:10  Charge  
  66  5:24  Nexus  
  66  5:30  Probe  
  66  5:31  Colossus (Chrono Boost)  
  73  5:46  Zealot x2  
  73  5:47  Zealot x2  
  81  5:50  Shield Battery  
  81  5:58  Pylon  
  79  6:10  Probe x2  
  81  6:13  Shield Battery  
  81  6:16  Colossus (Chrono Boost)  
  86  6:18  Zealot, Stalker x2  
  86  6:22  Probe  
  93  6:31  Zealot  
  83  6:41  Zealot x3  
  87  6:52  Probe x2  
  81  6:54  Forge  
  81  6:58  Stalker  
  81  6:59  Probe (Chrono Boost)  
  84  7:03  Colossus (Chrono Boost)  
  84  7:07  Observer  
  84  7:08  Probe (Chrono Boost)  
  92  7:11  Probe (Chrono Boost)  
  92  7:13  Probe (Chrono Boost)  
  92  7:14  Stalker  
  92  7:15  Stalker x2  
  99  7:17  Probe (Chrono Boost)  
  99  7:18  Probe (Chrono Boost)  
  99  7:21  Probe (Chrono Boost)  
  99  7:22  Protoss Ground Weapons Level 1 (Chrono Boost), Probe (Chrono Boost)  
  102  7:25  Shield Battery  
  102  7:26  Probe  
  104  7:30  Forge  
  104  7:31  Sentry, Probe  
  104  7:33  Probe  
  104  7:36  Pylon  
  108  7:38  Probe  
  109  7:47  Pylon  
  109  7:54  Warp Prism, Probe, Pylon  
  112  7:59  Stalker x2  
  112  8:04  Protoss Ground Armor Level 1 (Chrono Boost)  
  114  8:14  Probe  
  114  8:16  Photon Cannon  
  114  8:19  Stalker x2  
  119  8:22  Probe  
  119  8:25  Photon Cannon  
  119  8:26  Probe  
  118  8:28  Probe  
  118  8:35  Probe  
  118  8:36  Immortal (Chrono Boost)  
  118  8:37  Stalker x2  
  118  8:38  Probe  
  118  8:40  Probe  
  129  8:46  Assimilator  
  130  8:48  Templar Archives  
  131  8:58  Pylon  
  131  9:02  Gateway x2, Assimilator  
  129  9:05  Gateway  
  129  9:10  Disruptor  
  129  9:13  Pylon  
  129  9:14  Gateway, Pylon  
  132  9:20  Observer, Protoss Ground Weapons Level 2 (Chrono Boost)  
  132  9:23  Zealot x4  
  138  9:32  Pylon  
  138  9:37  Pylon  
  138  9:40  Nexus  
  138  9:46  Protoss Ground Armor Level 2 (Chrono Boost), Disruptor (Chrono Boost), High Templar x4  
  138  9:51  Archon x2  
  149  9:55  Shield Battery, Photon Cannon  
  149  9:58  Pylon  
  149  10:11  Probe  
  149  10:12  Probe x2  
  150  10:18  High Templar  
  150  10:19  Zealot x5, High Templar  
  164  10:23  Disruptor (Chrono Boost), Archon  
  164  10:37  Zealot  
  166  10:44  Observer  
  166  10:55  Gravitic Drive  
  166  10:56  Disruptor (Chrono Boost), Dark Shrine  
  166  11:02  Zealot x8  
  185  11:08  Observer  
  180  11:25  Disruptor (Chrono Boost), Zealot x8  
  195  11:34  Gateway  
  195  11:40  Gateway  
  195  11:43  Gateway  
  193  11:47  Pylon  
  193  11:52  Gravitic Boosters, Protoss Ground Armor Level 3 (Chrono Boost)  
  190  11:57  Protoss Ground Weapons Level 3 (Chrono Boost)  
  186  12:01  High Templar x2  
  186  12:02  High Templar x2  
  186  12:03  Zealot  
  186  12:05  Observer  
  186  12:08  Archon x2  
  195  12:11  Shadow Stride  
  193  12:16  Nexus  
  193  12:19  Dark Templar  
  193  12:20  Pylon  
  189  12:26  Observer, Assimilator, Pylon  
  189  12:29  Zealot  
  192  12:37  Pylon  
  180  12:54  Zealot x10  
  179  13:16  Disruptor (Chrono Boost)  
  170  13:25  Probe  
  141  13:35  Zealot  
  141  13:36  Zealot x10  
  141  13:41  Colossus (Chrono Boost)  
  151  13:46  Photon Cannon  
  151  13:48  Shield Battery  
  155  13:56  Probe x3  
  155  13:58  Dark Templar x2  
  155  13:59  Dark Templar x2  
  155  14:00  Dark Templar x3  
  172  14:04  Stalker x4  
  172  14:06  Probe  
  172  14:08  Assimilator  
Tags
 
Add a new tag
Caveats
  • Supply blocks, unpowered buildings, or Contaminate may cause inaccurate times.
  • Supply counts are checked every 10 seconds.